 Dungeon Sprint DCSS version 0.28-a0-1429-gf3d713df7a (webtiles) character file.

Game seed: 9651663506449839972

3749 mhtbhm the Eclecticist (level 9, -14/45 HPs)
             Began as a Deep Elf Earth Elementalist on Jan 8, 2022.
             Was a High Priest of Vehumet.
             Demolished by an orc warrior (20 damage)
             ... in the Dungeon (Sprint III: "The Ten Rune Challenge").
             The game lasted 00:05:53 (1288 turns).

mhtbhm the Eclecticist (DEEE)                       Turns: 1288, Time: 00:05:54

Health: -14/45     AC:  4    Str:  5    XL:     9   Next: 93%
Magic:  15/34      EV: 14    Int: 25    God:    Vehumet [*****.]
Gold:   36         SH:  0    Dex: 15    Spells: 36/46 levels left

rFire   + . .      SeeInvis .   e - +0 dagger
rCold   . . .      Faith    .   (no shield)
rNeg    . . .      Spirit   .   b - +2 robe {rF+}
rPois   .          Reflect  .   (no helmet)
rElec   .          Harm     .   (no cloak)
rCorr   .          Rampage  .   (no gloves)
Will    .....      Clarity  +   (no boots)
Stlth   +++....... NoTele   +   (no amulet)
HPRegen 0.15/turn               (no ring)
MPRegen 0.24/turn               (no ring)

@: no status effects
A: claws 1, clarity
a: Renounce Religion


You were in the Dungeon.
You worshipped Vehumet.
Vehumet was extremely pleased with you.
You visited 1 branch You collected 36 gold pieces.

Inventory:

Hand Weapons
 e - a +0 dagger (weapon)
Missiles
 i - 3 stones
Armour
 b - a +2 robe of fire resistance (worn)
Wands
 o - a wand of acid (9)
Scrolls
 a - 3 scrolls of identify {unknown}
 j - a scroll of torment {unknown}
 l - a scroll of immolation {unknown}
Potions
 c - 5 potions of curing
 f - 2 potions of magic
 g - a potion of berserk rage
 k - 3 potions of flight
 m - 2 potions of mutation
Miscellaneous
 n - a lightning rod (4/4)


   Skills:
 + Level 5.8 Dodging
 - Level 4.5 Stealth
 + Level 19.2 Spellcasting
 + Level 8.2 Conjurations
 + Level 2.2 Transmutations
 + Level 16.2 Earth Magic
 + Level 2.4 Evocations


You had 36 spell levels left.
You knew the following spells:

 Your Spells              Type           Power      Damage    Failure   Level
a - Sandblast             Erth           100%       2d20      0%          1
b - Passwall              Tmut/Erth      52%        N/A       1%          2
c - Stone Arrow           Conj/Erth      100%       3d13      1%          3
d - Petrify               Tmut/Erth      63%        N/A       1%          4

Your spell library contained the following spells:

 Spells                   Type           Power      Damage    Failure   Level
 Inner Flame              Hex/Fire       24%        N/A       1%          3
 Swiftness                Air            24%        N/A       6%          3


Dungeon Overview and Level Annotations

Branches:
Dungeon (1/1)

Altars:
Cheibriados
Dithmenos
Elyvilon
Fedhas
Gozag
Hepliaklqana
Kikubaaqudgha
Makhleb
Nemelex Xobeh
Qazlal
Ru
Sif Muna
Vehumet
Xom
Yredelemnul
Zin
The Shining One
Jiyva
Lugonu

Shops:
D [


Innate Abilities, Weirdness & Mutations

You have sharp fingernails.
You possess an exceptional clarity of mind.


Message History

Unknown command.
You feel much better.
The orc knight hits you with a +0 great mace!!
The orc warrior hits you from afar with a +0 trident!
* * * LOW HITPOINT WARNING * * *
Unknown command.
Okay, then.
Blink to where?
Press: ? - help, Dir - move target, p - orc warrior
As you read the scroll of blinking, it crumbles to dust.
Okay, then.
Okay, then.
Casting: Sandblast (safe; 0% risk of failure)
Confirm with . or Enter, or press ? or * to list all spells.
Okay, then.
Unknown command.
Casting: Sandblast (safe; 0% risk of failure)
Confirm with . or Enter, or press ? or * to list all spells.
Aiming: Petrify (safe; 1% risk of failure)
Press: ? - help, Shift-Dir - straight line, f - orc knight
Aim: an orc knight, wielding a +0 great mace and wearing a +0 chain mail (moderately wounded, chance to affect: 61%)
The orc knight is moving more slowly.
Unknown command.
Okay, then.
Casting: Petrify (safe; 1% risk of failure)
Confirm with . or Enter, or press ? or * to list all spells.
Aiming: Petrify (safe; 1% risk of failure)
Press: ? - help, Shift-Dir - straight line, f - orc warrior, p - orc knight
Aim: an orc warrior, wielding a +0 trident and wearing a +0 plate armour (strong, chance to affect: 76%) Nothing appears to happen.
Unknown command.
Unknown command.
Casting: Petrify (safe; 1% risk of failure)
Confirm with . or Enter, or press ? or * to list all spells.
Aiming: Petrify (safe; 1% risk of failure)
Press: ? - help, Shift-Dir - straight line, f/p - orc warrior
Aim: an orc warrior, wielding a +0 trident and wearing a +0 plate armour (strong, chance to affect: 76%)
The orc warrior is moving more slowly.
The orc warrior hits you from afar with a +0 trident!!
You die...

♣.#...# #._#$..).So.
♣.###)#+###'##$)......
..#..........#$$o).o
..'.⌠........#o∩o#
♣.#...######'#o#
..#.⌠.#__#...#o##################
..#...#__#...#oo..#.#.#.....#....
..#)###__#...##.#).#.##.###)#..^^
..#...#__#...'##@#.#.##)#.)##..^.
..#___#__'...#.).#..#..##..'.^.^.
▓▓▓▓▓▓▓▓▓▓▓▓▓▓▓▓▓▓▓▓▓▓▓▓▓▓▓#.....
≈≈≈........≈≈≈...#....^
♣≈≈≈≈≈≈≈≈≈≈≈≈♣♣P.'.....
♣♣♣♣♣♣♣♣♣♣♣♣♣♣♣PP#^^^^. ♣♣♣##+###


You could see an orc knight (petrified), an orc warrior (strong, petrifying) and
3 orcs.

Vanquished Creatures
  Erolcha (D)
  A deep elf pyromancer (D)
  An orc sorcerer (D)
  3 wandering mushrooms (D)
  A shadow (D)
  2 redbacks (D)
  A spatial vortex (D)
  A necrophage (D)
  5 two-headed ogres (D)
  A water elemental (D)
  A jelly (D)
  A wizard (D)
  Jessica (D)
  A necromancer (D)
  2 orc wizards (D)
  A kobold demonologist (D)
  A human (D)
  A phantom (D)
  4 orcs (D)
  An endoplasm (D)
  A goblin (D)
  2 rats (D)
34 creatures vanquished.

Notes
Turn   | Place    | Note
-------+----------+-------------------------------------------
     0 | D        | mhtbhm the Deep Elf Earth Elementalist began the quest for
                  | the Orb.
     0 | D        | Reached XP level 1. HP: 10/10 MP: 6/6
    30 | D        | Noticed Jessica
    35 | D        | Killed Jessica
    36 | D        | Reached skill level 5 in Spellcasting
    36 | D        | Reached XP level 2. HP: 15/15 MP: 2/10
    37 | D        | Reached XP level 3. HP: 19/19 MP: 1/11
   148 | D        | Learned a level 2 spell: Passwall
   152 | D        | Learned a level 3 spell: Stone Arrow
   228 | D        | Gained mutation: Your body sometimes deteriorates upon
                  | taking damage. [potion of mutation]
   228 | D        | Gained mutation: You have hidden genetic potential. [potion
                  | of mutation]
   229 | D        | Lost mutation: You have hidden genetic potential. [potion
                  | of mutation]
   229 | D        | Lost mutation: Your body sometimes deteriorates upon taking
                  | damage. [potion of mutation]
   229 | D        | Gained mutation: You are clumsy. (Dex -2) [potion of
                  | mutation]
   230 | D        | Lost mutation: You are clumsy. (Dex -2) [potion of
                  | mutation]
   230 | D        | Gained mutation: You have sharp fingernails. [potion of
                  | mutation]
   230 | D        | Gained mutation: You possess an exceptional clarity of
                  | mind. [potion of mutation]
   250 | D        | Noticed a water elemental
   262 | D        | Killed a water elemental
   263 | D        | Reached skill level 7 in Spellcasting
   263 | D        | Reached XP level 4. HP: 20/24 MP: 5/15
   343 | D        | Found a radiant altar of Vehumet.
   343 | D        | Found a shimmering blue altar of Sif Muna.
   343 | D        | Found an ancient bone altar of Kikubaaqudgha.
   343 | D        | Noticed a wizard
   345 | D        | Killed a wizard
   346 | D        | Reached skill level 8 in Spellcasting
   346 | D        | Reached XP level 5. HP: 28/28 MP: 13/17
   404 | D        | Found a basalt altar of Yredelemnul.
   404 | D        | Found a shadowy altar of Dithmenos.
   404 | D        | Found a sacrificial altar of Ru.
   404 | D        | Noticed a necrophage
   406 | D        | Reached skill level 9 in Spellcasting
   407 | D        | Killed a necrophage
   408 | D        | Reached skill level 10 in Spellcasting
   408 | D        | Reached skill level 1 in Conjurations
   408 | D        | Reached skill level 10 in Earth Magic
   408 | D        | Reached XP level 6. HP: 32/32 MP: 15/21
   452 | D        | Found a glowing silver altar of Zin.
   452 | D        | Found a glowing golden altar of the Shining One.
   452 | D        | Found a white marble altar of Elyvilon.
   452 | D        | Noticed a deep elf pyromancer
   456 | D        | Killed a deep elf pyromancer
   457 | D        | Reached skill level 5 in Dodging
   457 | D        | Reached skill level 13 in Spellcasting
   457 | D        | Reached XP level 7. HP: 36/36 MP: 14/26
   538 | D        | Became a worshipper of Vehumet
   563 | D        | Noticed a shadow
   570 | D        | Killed a shadow
   571 | D        | Reached skill level 14 in Spellcasting
   746 | D        | Found a blossoming altar of Fedhas.
   746 | D        | Found a stormy altar of Qazlal.
   746 | D        | Found a snail-covered altar of Cheibriados.
   746 | D        | Found a burning altar of Makhleb.
   746 | D        | Found a shimmering altar of Xom.
   746 | D        | Noticed a spatial vortex
   747 | D        | Found a hazy altar of Hepliaklqana.
   747 | D        | Found an opulent altar of Gozag.
   747 | D        | Found a sparkling altar of Nemelex Xobeh.
   747 | D        | Found a corrupted altar of Lugonu.
   747 | D        | Found a viscous altar of Jiyva.
   750 | D        | Killed a spatial vortex
   750 | D        | Reached * piety under Vehumet
   750 | D        | Offered knowledge of Magic Dart by Vehumet.
   751 | D        | Reached XP level 8. HP: 41/41 MP: 17/28
   823 | D        | Learned a level 4 spell: Petrify
   829 | D        | Reached skill level 15 in Spellcasting
   833 | D        | Reached ** piety under Vehumet
   941 | D        | Noticed a two-headed ogre
   944 | D        | Killed a two-headed ogre
   944 | D        | Offered knowledge of Freeze by Vehumet.
   945 | D        | Reached skill level 16 in Spellcasting
   981 | D        | Noticed Erolcha
   982 | D        | Noticed a two-headed ogre
   986 | D        | Killed a two-headed ogre
   987 | D        | Reached skill level 5 in Conjurations
   988 | D        | Killed Erolcha
   989 | D        | Reached skill level 17 in Spellcasting
   989 | D        | Reached skill level 15 in Earth Magic
   989 | D        | Reached skill level 1 in Evocations
   989 | D        | Reached XP level 9. HP: 27/45 MP: 21/32
  1116 | D        | Offered knowledge of Conjure Flame by Vehumet.
  1116 | D        | Reached *** piety under Vehumet
  1124 | D        | Reached skill level 18 in Spellcasting
  1143 | D        | Noticed a wandering mushroom
  1147 | D        | Noticed a wandering mushroom
  1150 | D        | Killed a wandering mushroom
  1152 | D        | Noticed a wandering mushroom
  1189 | D        | Killed a wandering mushroom
  1194 | D        | Killed a wandering mushroom
  1194 | D        | Reached **** piety under Vehumet
  1270 | D        | Found Tetaen's Armour Boutique.
  1272 | D        | Noticed an orc knight
  1272 | D        | Noticed an orc sorcerer
  1273 | D        | Offered knowledge of Inner Flame by Vehumet.
  1276 | D        | Reached ***** piety under Vehumet
  1283 | D        | Killed an orc sorcerer
  1284 | D        | Reached skill level 19 in Spellcasting
  1288 | D        | Demolished by an orc warrior

Illustrated notes

Levels and vault maps discovered:
D:        dungeon_sprint_mu [sprint_mu_entry_forest, sprint_mu_temple_rooms,
          sprint_mu_d1_spiders, sprint_mu_d2_genie, sprint_mu_d3_branching,
          sprint_mu_orc_legion, sprint_mu_elf_gauntlet, sprint_mu_hive_nellie,
          sprint_mu_lair_fedhas, sprint_mu_vaults_butterflies,
          sprint_mu_slime_circle, sprint_mu_swamp_cave, sprint_mu_snake_twists,
          sprint_mu_blade_basic, sprint_mu_crypt_fortress,
          sprint_mu_tomb_spiral, sprint_mu_vestibule_basic,
          sprint_mu_gehenna_hellfire, sprint_mu_dis_giant,
          sprint_mu_tartarus_statrot, sprint_mu_cocytus_islands, sprint_mu_zot1]

Skill      XL: |  1  2  3  4  5  6  7  8  9 |
---------------+----------------------------+-----
Earth Magic    | 6 8 10 12 13 15 16 | 16.2
Dodging        | 3 4 5 |  5.8
Stealth        | 3 4 |  4.5
Spellcasting   | 5 7 8 10 13 14 17 19 | 19.2
Conjurations   | 1 2 3 6 8 |  8.2
Transmutations | 2 |  2.2
Evocations     | 1 2 |  2.4

Action                   |  1- 3 |  4- 6 |  7- 9 || total
-------------------------+-------+-------+-------++-------
 Cast: Sandblast         |    10 |    10 |     7 ||    27
       Stone Arrow       |     4 |     2 |    31 ||    37
       Petrify           |       |       |     3 ||     3
Evoke: Lightning rod     |       |       |     7 ||     7
       Wand              |       |       |     1 ||     1
  Use: Potion            |     4 |       |     1 ||     5
       Scroll            |       |       |     1 ||     1
Armor: Robe              |     2 |       |       ||     2
Dodge: Dodged            |     3 |     2 |     2 ||     7

Table legend: (Time is in decaauts)
 A = Elapsed time spent in this place.
 B = Non-inter-level travel time spent in this place.
 C = Inter-level travel time spent in this place.
 D = Time resting spent in this place.
 E = Time spent auto-exploring this place.
 F = Levels seen in this place.
 G = Mean time per level.
                   A        B        C        D        E       F      G
               +--------+--------+--------+--------+--------+-----+--------+
         Total |   1281 |   1281 |      0 |    830 |      0 |   1 | 1281.0 |
       Dungeon |   1281 |   1281 |      0 |    830 |      0 |   1 | 1281.0 |
               +--------+--------+--------+--------+--------+-----+--------+

Top non-repeatable levels by time:
       D: 1281 daAuts
